AoeStats
← Kez

Hideout

508657412Analyzed
1v1 RM · 8d ago on Sep 23, 2026· 21m 42s· 2 players
Game mode
Random Map
Map size
Tiny (2 player)
Population
200
Speed
Normal
Resources
Standard
Victory
Conquest
Starting age
Dark Age
Ending age
Imperial Age
RankedLock teamsTeams togetherTeam positionsShared explorationLock speedFull tech treeHidden civsTurbo modeCheats
Victory
Defeat
🇳🇱 Bengalis · Netherlands
1333
+14
🇧🇷 Malay · Brazil
1292
-14
Kez
7:19 Loom
9:20 Feudal Age
9:44 Man-at-Arms
10:50 Double-Bit Axe
19:33 Castle Age
19:36 Pikeman
20:32 Scale Mail Armor
Fiaboi_
11:27 Feudal Age
16:37 Castle Age
22:14 Scale Barding Armor
Connection lost

Rejoining the realm…

Still unreachable

The connection could not be restored.

Session expired

The server has moved on; the page needs a fresh start.